 Dungeon Crawl Stone Soup version 0.23.2-1-ga50397a (webtiles) character file.

Game seed: 4421443313639078395

44 Fang the Skirmisher (level 3, 0/24 HPs)
             Began as a Gargoyle Berserker on May 29, 2019.
             Was a Believer of Trog.
             Killed by divine providence
             ... invoked by an orc priest
              (14 damage)
             ... on level 3 of the Dungeon.
             The game lasted 00:02:58 (1490 turns).

Fang the Skirmisher (Gargoyle Berserker)            Turns: 1490, Time: 00:02:59

Health: 0/24       AC: 12    Str: 21    XL:     3   Next: 60%
Magic:  3/3        EV:  8    Int:  7    God:    Trog [**....]
Gold:   107        SH:  0    Dex:  9    Spells: 2/2 levels left

rFire    . . .     SeeInvis .   a - +0 hand axe
rCold    . . .     Gourm    .   (no shield)
rNeg     + . .     Faith    .   b - +0 chain mail
rPois    ∞         Spirit   .   (no helmet)
rElec    +         Reflect  .   (no cloak)
rCorr    .         Harm     .   (no gloves)
MR       .....                  (no boots)
Stlth    ..........             (no amulet)
HPRegen  0.08/turn              (no ring)
MPRegen  0.08/turn              (no ring)

@: no status effects
A: negative energy resistance 1, electricity resistance, unbreathing,
petrification resistance, rot immunity, AC +3
a: Berserk, Trog's Hand, Renounce Religion


You were on level 3 of the Dungeon.
You worshipped Trog.
Trog was pleased with you.
You were very hungry.

You visited 1 branch of the dungeon, and saw 3 of its levels.

You collected 107 gold pieces.

Inventory:

Hand Weapons
 a - a +0 hand axe (weapon)
Armour
 b - a +0 chain mail (worn)
Scrolls
 e - 2 scrolls of noise {unknown}
 h - 2 scrolls of blinking {unknown}
 i - 2 scrolls of identify {unknown}
 l - a scroll of immolation {unknown}
 p - 3 scrolls of remove curse {unknown}
 q - a scroll of teleportation {unknown}
Potions
 f - a potion of curing {unknown}
 g - a potion of cancellation {unknown}
 j - a potion of heal wounds {unknown}
 k - a potion of invisibility {unknown}
 m - a potion of lignification {unknown}
 n - a potion of degeneration {unknown}
 o - a potion of brilliance {unknown}
 r - a potion of flight {unknown}
Comestibles
 c - 5 rations


   Skills:
 + Level 3.7 Fighting
 + Level 3.1 Axes
 + Level 2.8 Armour
 + Level 2.0 Dodging


You had 2 spell levels left.
You didn't know any spells.
Your spell library was empty.

Dungeon Overview and Level Annotations

Branches:
Dungeon (3/15)

Altars:
Cheibriados
The Shining One


Innate Abilities, Weirdness & Mutations

You are resistant to torment.
Your stone body is resilient. (AC +3)
You are immune to poison.
You resist negative energy. (rN+)
You are resistant to electric shocks. (rElec)
You can survive without breathing.
You are immune to petrification.
You are immune to rotting.


Message History

You recover from your berserk rage.
You start resting.
You are feeling very hungry.
Key pressed, stopping explore.
An orc comes into view. It is wielding a +0 trident.
The orc shouts!
You hear a shout!
An orc is nearby!
An orc and an orc priest come into view.
The orc shouts!
The orc priest shouts!
An orc comes into view.
The orc shouts!
The orc priest begins to cast a cantrip, but forgets the words!
Your chain mail prevents you from hitting the orc.
The orc throws a tomahawk.
The tomahawk hits you but does no damage.
A goblin comes into view. It is wielding a +0 dagger.
The orc priest calls down the wrath of Beogh upon you.
Beogh smites you!
Ouch! That really hurt!
You die...

##############
####............#
................####...
...............@.o.oo..
#............o####..g
#.............#
#....<........#
##............#
#....######### #....#
#....# ######


You could see an orc priest, 3 orcs and a goblin (wandering).

Vanquished Creatures
  2 worms
  2 dart slugs (D:2)
  A leopard gecko (D:1)
  3 giant cockroaches
  7 goblins
  A hobgoblin (D:1)
  7 bats
  2 frilled lizards (D:2)
  5 kobolds
  4 rats
34 creatures vanquished.

Notes
Turn   | Place    | Note
-------+----------+-------------------------------------------
     0 | D:1      | Fang the Gargoyle Berserker began the quest for the Orb.
     0 | D:1      | Reached XP level 1. HP: 14/14 MP: 1/1
   141 | D:1      | Reached XP level 2. HP: 18/19 MP: 2/2
   639 | D:2      | Found a snail-covered altar of Cheibriados.
   775 | D:2      | Reached XP level 3. HP: 23/23 MP: 3/3
  1378 | D:2      | Reached ** piety under Trog
  1387 | D:2      | Found a glowing golden altar of the Shining One.
  1490 | D:3      | Killed from afar by an orc priest

Skill      XL: |  1  2  3 |
---------------+----------+-----
Axes           | 3 |  3.1
Dodging        | 2 |  2.0
Fighting       | |  3.7
Armour         | |  2.8

Action                   || total
-------------------------++-------
Melee: Hand axe          ||   141
Invok: Berserk           ||     1
  Eat: Chunk             ||     2
Armor: Animal skin       ||    13
       Skin              ||     1
       Chain mail        ||    71
Dodge: Dodged            ||   101
